Map: Cyber Forest LE

Players

TiPtOP

  • Race: Terran Terran
  • League: Silver
  • Spawn Location: 11:00

Valerian - Winner!

  • Race: Terran Terran
  • League: Gold
  • Spawn Location: 5:00

VOD

Have the link to the VOD?

Description

Time

  • Played on: May 7, 2019, 7:35 a.m.
  • Length: 16:17
Show
View Real Time Build Order
Export as new Build Order

TiPtOP Terran 

Build Orders: Gas First Reaper Expand 

Get SALT Encoding   

  12  0:01  SCV  
  13  0:13  SCV  
  14  0:18  Supply Depot  
  14  0:27  Refinery  
  14  0:29  SCV  
  15  0:43  Barracks  
  15  0:46  SCV  
  16  0:59  SCV  
  17  1:23  SCV  
  18  1:35  Reaper  
  18  1:36  Orbital Command  
  19  1:57  Command Center  
  19  2:09  Supply Depot  
  19  2:36  Barracks  
  19  2:37  Barracks Reactor  
  18  3:27  SCV  
  18  3:28  SCV  
  18  3:32  Barracks Tech Lab  
  20  3:36  Refinery  
  20  3:40  Factory  
  20  3:42  Marine x2  
  22  3:57  Marauder  
  24  4:03  SCV  
  24  4:09  SCV  
  26  4:15  SCV  
  27  4:21  SCV, Marine x2, Marauder  
  32  4:26  Stimpack  
  32  4:31  Factory Reactor  
  32  4:36  Starport  
  32  4:45  SCV x2  
  34  4:49  Marine x2, Marauder  
  38  4:57  SCV, Command Center  
  39  5:09  SCV x2  
  42  5:21  Engineering Bay, SCV x2  
  43  5:33  Factory Tech Lab  
  43  5:34  Marine, Marauder  
  46  5:47  Supply Depot  
  46  6:08  SCV x2, Marine x2  
  46  6:09  Marauder  
  52  6:20  SCV  
  52  6:25  SCV  
  54  6:26  Marine x2  
  54  6:30  Marauder  
  58  6:33  SCV  
  59  6:43  Missile Turret  
  59  6:44  Marine  
  59  6:45  SCV  
  61  6:49  Marine  
  61  6:51  Marauder  
  61  6:52  Medivac x2  
  68  6:57  SCV  
  68  7:00  Supply Depot  
  69  7:04  Supply Depot  
  69  7:21  Marine  
  69  7:22  Siege Tank  
  73  7:23  Marine, Marauder  
  76  7:32  Barracks  
  76  7:38  Barracks  
  76  7:39  Marine  
  77  7:44  Marauder  
  77  7:45  Marine  
  80  7:54  Siege Tank  
  80  7:57  Marine  
  84  8:13  Supply Depot x2  
  84  8:14  Engineering Bay, Terran Infantry Weapons Level 1  
  84  8:15  Supply Depot  
  84  8:16  Combat Shield  
  84  8:17  Marine  
  85  8:34  Marine, Marauder, Medivac x2  
  85  8:35  Siege Tank  
  84  8:56  Marauder  
  71  9:17  Marauder  
  71  9:24  SCV x2  
  73  9:36  SCV x2, Marine x2  
  77  9:39  Marauder  
  79  9:46  Missile Turret  
  79  9:48  SCV x2  
  81  9:54  Terran Infantry Armor Level 1  
  81  10:00  SCV x2, Marauder  
  81  10:04  Refinery  
  85  10:08  Missile Turret  
  85  10:12  SCV  
  85  10:13  SCV  
  75  10:21  Marauder  
  75  10:25  SCV x2  
  78  10:36  Viking, Missile Turret  
  79  10:44  Missile Turret  
  79  10:45  Marine x3  
  82  10:54  SCV  
  83  10:59  Missile Turret  
  83  11:03  Marine  
  84  11:21  Missile Turret  
  84  11:46  Marauder  
  85  12:01  SCV  
  86  12:07  Marauder  
  88  12:13  SCV  
  77  12:25  SCV  
  77  12:29  Marauder  
  48  12:50  Marauder  
  50  12:56  SCV x2  
  52  13:08  SCV x2  
  52  13:11  Command Center, Marauder  
  56  13:23  Barracks Reactor  
  56  13:32  Marine x2  
  56  13:33  Marauder  
  60  13:50  Marine x2  
  60  13:53  Refinery  
  60  13:54  Marine  
  63  13:55  Refinery  
  63  13:58  SCV  
  63  14:02  SCV  
  65  14:07  Marine  
  65  14:08  Marine  
  65  14:09  Marine x2  
  69  14:10  SCV  
  69  14:11  Marine  
  69  14:14  SCV  
  72  14:20  Starport Reactor  
  72  14:21  Barracks Reactor  
  72  14:22  SCV  
  73  14:25  Marine x2  
  73  14:26  SCV  
  73  14:27  Marine x2  
  73  14:29  Marine  
  73  14:30  Refinery  
  79  14:34  SCV  
  80  14:43  Marine x2  
  80  14:45  Marine x2  
  84  14:46  SCV  
  84  14:47  Marine  
  86  14:55  SCV  
  86  14:58  SCV  
  88  15:01  Marine x2  
  88  15:02  Viking x2  
  88  15:03  Marine x2  
  88  15:04  Factory Tech Lab  
  88  15:05  Marine  
  97  15:07  SCV  
  97  15:09  SCV  
  97  15:10  SCV  
  97  15:20  SCV  
  97  15:21  SCV  
  63  15:32  SCV  
  63  15:33  SCV  
  44  15:44  SCV  
  44  15:49  Marine x5  
Show
View Real Time Build Order
Export as new Build Order

Valerian Terran - Winner!

Build Orders: Command Center First (CC) 

Get SALT Encoding   

  12  0:01  SCV  
  13  0:13  SCV  
  14  0:22  Supply Depot  
  14  0:25  SCV  
  15  0:43  SCV  
  16  0:55  SCV  
  17  1:04  Command Center  
  17  1:08  SCV  
  18  1:25  Barracks  
  17  1:31  SCV  
  18  1:35  Supply Depot  
  18  1:43  Supply Depot  
  18  1:47  SCV  
  18  1:53  Refinery  
  19  2:18  Marine  
  19  2:21  SCV  
  21  2:27  SCV  
  22  2:34  Barracks  
  22  2:36  Barracks  
  22  2:39  SCV  
  23  2:51  SCV  
  24  2:56  Marine  
  25  3:05  SCV  
  26  3:09  SCV  
  27  3:21  SCV  
  28  3:27  Barracks Reactor  
  28  3:28  Barracks Tech Lab  
  28  3:30  Barracks Tech Lab  
  28  3:33  SCV  
  28  3:34  Refinery  
  29  3:36  Orbital Command  
  29  3:42  Engineering Bay  
  29  3:45  SCV  
  29  3:47  Supply Depot  
  30  3:51  Marauder  
  30  3:53  Marauder  
  34  3:58  SCV  
  34  4:01  Stimpack  
  34  4:02  SCV  
  36  4:05  Marine  
  37  4:10  SCV  
  37  4:14  SCV  
  39  4:18  Marauder x2  
  39  4:22  Marine x2  
  39  4:23  SCV  
  46  4:30  SCV  
  47  4:32  Terran Infantry Weapons Level 1  
  47  4:35  SCV  
  47  4:37  Refinery  
  48  4:42  SCV  
  49  4:48  SCV  
  49  4:50  Marine x2  
  52  4:54  Marine x2  
  52  4:58  Refinery  
  54  5:00  SCV  
  54  5:01  Supply Depot  
  54  5:07  Factory  
  55  5:12  Supply Depot  
  55  5:13  SCV  
  56  5:15  Marine x2  
  56  5:16  Marine x2  
  56  5:19  SCV  
  61  5:29  Engineering Bay  
  61  5:31  SCV  
  62  5:40  Marine x2  
  64  5:43  SCV, Marauder  
  64  5:44  Marauder  
  69  5:50  Factory Reactor  
  69  5:53  Starport  
  69  5:55  SCV  
  69  5:56  Missile Turret  
  70  6:00  Missile Turret  
  70  6:06  Terran Infantry Armor Level 1  
  70  6:07  Marine x2  
  70  6:08  SCV, Marauder  
  70  6:09  Marauder  
  77  6:13  Combat Shield  
  77  6:14  Concussive Shells  
  77  6:25  Supply Depot x2  
  77  6:40  Missile Turret  
  77  6:41  Marine  
  77  6:46  Marine  
  79  6:57  Factory Tech Lab  
  79  6:58  Medivac x2  
  83  7:03  Marine x2  
  83  7:05  Marauder  
  87  7:10  Orbital Command  
  87  7:18  Armory  
  87  7:23  Fusion Core  
  87  7:24  Marine x2, Marauder  
  87  7:26  Marauder  
  93  7:31  Liberator x2  
  93  7:48  Supply Depot  
  93  7:50  Siege Tank, Supply Depot  
  102  8:00  Marine x2, Marauder  
  106  8:06  Marine  
  106  8:09  Supply Depot  
  106  8:11  Terran Vehicle And Ship Armor Level 1  
  107  8:14  Terran Infantry Armor Level 2, Terran Infantry Weapons Level 2  
  107  8:18  Marine  
  108  8:22  Siege Tank  
  111  9:02  Liberator x2  
  103  9:16  Marine x3  
  103  9:17  Marine  
  99  9:18  Siege Tank  
  104  9:29  Weapon Refit  
  104  9:41  Marine x2  
  104  9:42  Marine x2  
  108  9:58  Siege Tank  
  111  10:01  Marine x4  
  111  10:02  Medivac x2  
  119  10:30  Siege Tank  
  119  10:38  Marine x2  
  119  10:39  Marine x2  
  119  10:42  Medivac x2  
  129  10:57  Marauder  
  129  11:01  Command Center  
  129  11:02  Siege Tank, Marine x2  
  134  11:15  Marine  
  134  11:17  Supply Depot  
  137  11:18  Marauder  
  137  11:36  Terran Infantry Armor Level 3, Terran Infantry Weapons Level 3  
  137  11:39  Terran Vehicle And Ship Armor Level 2, Supply Depot  
  137  11:41  Marine x2  
  137  11:42  Marauder  
  137  11:43  Marauder  
  137  11:45  Siege Tank  
  132  12:25  Marine x3  
  132  12:26  Marine  
  132  12:27  Siege Tank  
  132  12:28  Medivac  
  132  12:29  Medivac  
  129  12:44  Marauder  
  120  12:48  Planetary Fortress  
  120  12:52  Marine x3  
  123  12:59  Siege Tank  
  123  13:00  Command Center  
  123  13:05  Medivac x2  
  130  13:07  Marine  
  130  13:10  Marine  
  132  13:44  Viking x2  
  132  13:47  Marine x4  
  140  13:50  Siege Tank  
  143  13:59  Refinery  
  143  14:00  Refinery  
  143  14:06  Marauder  
  143  14:08  Marine x2  
  143  14:09  Marine  
  148  14:13  Hi-Sec Auto Tracking  
  148  14:26  Marine x3  
  148  14:27  Marine  
  152  14:42  Planetary Fortress  
  152  14:44  Marine x3  
  152  14:45  Marine  
  156  14:47  Command Center  
  148  15:50  Marine x2  
  148  15:51  Marine x2  
Tags
 
Add a new tag
Caveats
  • Supply blocks, unpowered buildings, or Contaminate may cause inaccurate times.
  • Supply counts are checked every 10 seconds.